 Dungeon Crawl Stone Soup version 0.26-a0-660-gc07710193c (webtiles) character file.

Game seed: 4983785796696386115

1241 smeego the Slasher (level 8, 0/54 HPs)
             Began as an Octopode Fighter on Oct 7, 2020.
             Was an Initiate of Gozag.
             Slain by a sky beast (6 damage)
             ... on level 6 of the Dungeon.
             The game lasted 00:07:50 (6924 turns).

smeego the Slasher (Octopode Fighter)               Turns: 6924, Time: 00:07:51

Health: 0/54       AC:  1    Str: 15 (16) XL:     8   Next: 49%
Magic:  8/8        EV: 12    Int: 12      God:    Gozag
Gold:   586        SH: 10    Dex: 11      Spells: 7/7 levels left

rFire    . . .     SeeInvis +   a - +0 long sword
rCold    . . .     Faith    .   b - +1 kite shield
rNeg     + . .     Spirit   .   (helmet restricted)
rPois    .         Reflect  .   (no amulet)
rElec    .         Harm     .   q - ring of positive energy
rCorr    .         Rampage  .   s - ring of see invisible
MR       .....                  (no ring)
Stlth    ++++......             (no ring)
HPRegen  0.18/turn              (no ring)
MPRegen  0.11/turn              (no ring)
                                (no ring)
                                (no ring)

@: lethally poisoned (0 -> -1)
A: almost no armour, stealthy swim, amphibious, 8 rings, constrict 8, camouflage
1, gelatinous body 1
a: Potion Petition, Call Merchant, Bribe Branch, Renounce Religion


You were on level 6 of the Dungeon.
You worshipped Gozag.
Gozag was pleased with you.
You visited 1 branch of the dungeon, and saw 6 of its levels.

You collected 654 gold pieces.
You paid 68 gold pieces to Gozag.

Inventory:

Hand Weapons
 a - a +0 long sword (weapon)
Missiles
 r - 12 poisoned darts (quivered)
Armour
 b - a +1 kite shield (worn)
Jewellery
 f - an uncursed amulet of magic regeneration {unknown}
 q - a ring of positive energy (left tentacle)
 s - a ring of see invisible (right tentacle)
 t - a cursed amulet of inaccuracy {unknown}
Wands
 g - a wand of random effects (5)
 l - a wand of digging (1)
 u - a wand of flame (16)
Scrolls
 j - 2 scrolls of magic mapping
 k - a scroll of identify
Potions
 c - 2 potions of might
 d - a potion of brilliance
 e - a potion of ambrosia
 h - 3 potions of haste
 n - a potion of stabbing


   Skills:
 + Level 4.5 Fighting
 * Level 5.3 Long Blades
 + Level 3.2 Throwing
 + Level 4.5 Dodging
 + Level 4.8 Stealth
 + Level 4.4 Shields
 + Level 3.2 Unarmed Combat


You had 7 spell levels left.
You didn't know any spells.
Your spell library contained the following spells:

 Spells                   Type           Power        Failure   Level
 Beastly Appendage        Tmut           #.....       78%         1
 Wereblood                Tmut           #.......     89%         2
 Spider Form              Tmut/Pois      #.........   98%         3
 Ice Form                 Ice/Tmut       #.......     100%        4
 Blade Hands              Tmut           #.........   100%        5
 Summon Demon             Summ           #.........   100%        5
 Summon Forest            Summ/Tloc      #.........   100%        5
 Summon Mana Viper        Hex/Summ       #.......     100%        5
 Shadow Creatures         Summ           N/A          100%        6
 Summon Hydra             Summ           #.........   100%        7


Dungeon Overview and Level Annotations

Branches:
Dungeon (6/15)             Temple (0/1) D:6

Altars:
Cheibriados
Elyvilon
Gozag
Hepliaklqana
Qazlal
Sif Muna
Uskayaw
Xom

Shops:
D:4 }


Innate Abilities, Weirdness & Mutations

You cannot wear most types of armour.
You are very stealthy in the water. (Stealth+)
You are amphibious.
You can wear up to eight rings at the same time.
You can use your tentacles to constrict eight enemies at once.
Your skin changes colour to match your surroundings (Stealth+).
Your rubbery body absorbs attacks. (AC +1, EV +1)


Message History

You feel sick.
You feel sick.
You feel sick.
Evoke which item? (* to show all) (? for menu, Esc to quit)
Okay, then.
Okay, then.
As you read the scroll labeled TIURPH TOEBB, it crumbles to dust.
It is a scroll of enchant armour.
Your +0 kite shield glows green for a moment.
You block the sky beast's attack.
You hit the sky beast.
The sky beast is almost dead.
You feel sick. You block the sky beast's attack.
You completely miss the sky beast.
The sky beast is severely wounded.
The sky beast looks more healthy.
The sky beast hits you.
* * * LOW HITPOINT WARNING * * *
The sky beast shocks you.
You die...
Your body crumbles into a pile of gold.

## ##$#####.##...###+#
.##.####.##.##.##...#<...
.(....$...'.....#...#....
....^.....#.....+...#....
..........#.....#...#....
....##....#.....#...#....
... #....#.....#...#....
.. #..Y######## #.... .
#..@# #(... $ #.........#
..... #.........# .####
#.........# #.........#
#.........# ###########


You could see a sky beast.

Vanquished Creatures
  Sigmund (D:2)
  Duvessa (D:4)
  An ice beast (D:5)
  2 centaurs (D:5)
  Blork the orc (D:4)
  2 bullfrogs
  Dowan (D:4)
  A scorpion (D:4)
  2 bullfrog skeletons
  A hound (D:5)
  Jessica (D:2)
  Natasha (thrice) (D:2)
  3 worker ants (D:5)
  3 adders
  A white imp (D:5)
  2 ufetubi
  An ooze (D:3)
  3 worms
  12 dart slugs
  3 leopard geckos
  15 orcs
  9 bats
  8 giant cockroaches
  6 goblins
  5 hobgoblins
  3 jackals (D:1)
  6 kobolds
  A quokka (D:2)
  A ball python (D:1)
  3 frilled lizards
  A giant cockroach zombie (D:5)
  4 rats
107 creatures vanquished.

Notes
Turn   | Place    | Note
-------+----------+-------------------------------------------
     0 | D:1      | smeego the Octopode Fighter began the quest for the Orb.
     0 | D:1      | Reached XP level 1. HP: 16/16 MP: 1/1
    83 | D:1      | Reached XP level 2. HP: 21/21 MP: 2/2
   162 | D:1      | You fall into a shaft and drop 1 floor!
   194 | D:2      | Found a stormy altar of Qazlal.
   194 | D:2      | Found a shimmering blue altar of Sif Muna.
   214 | D:2      | Reached skill level 1 in Stealth
   271 | D:2      | Noticed Sigmund
   282 | D:2      | Killed Sigmund
   282 | D:2      | Reached skill level 3 in Long Blades
   282 | D:2      | Reached skill level 1 in Throwing
   282 | D:2      | Reached skill level 1 in Unarmed Combat
   282 | D:2      | Reached XP level 3. HP: 13/26 MP: 3/3
   282 | D:2      | Reached XP level 4. HP: 15/31 MP: 4/4
   282 | D:2      | Reached XP level 5. HP: 18/36 MP: 5/5
   451 | D:2      | Noticed Jessica
   462 | D:2      | Killed Jessica
   630 | D:2      | Noticed Natasha
  1452 | D:2      | Killed Natasha
  1452 | D:2      | Reached XP level 6. HP: 35/42 MP: 6/6
  1538 | D:2      | Found a faded altar of an unknown god.
  1557 | D:2      | Noticed Natasha
  1573 | D:2      | Killed Natasha
  1867 | D:2      | Noticed Natasha
  1874 | D:2      | Killed Natasha
  1939 | D:2      | Found a white marble altar of Elyvilon.
  1940 | D:2      | Found a hide-covered altar of Uskayaw.
  1941 | D:2      | Found a snail-covered altar of Cheibriados.
  2558 | D:3      | Found a shimmering altar of Xom.
  3195 | D:4      | Found an opulent altar of Gozag.
  3203 | D:4      | Became a worshipper of Gozag Ym Sagoz the Greedy
  3956 | D:4      | Noticed Dowan
  3992 | D:5      | Entered Level 5 of the Dungeon
  4025 | D:5      | Reached skill level 4 in Long Blades
  4025 | D:5      | Reached XP level 7. HP: 23/47 MP: 7/7
  4841 | D:4      | Found Lemojynk's Gadget Emporium.
  4880 | D:4      | Found a hazy altar of Hepliaklqana.
  4882 | D:4      | Noticed Blork the orc
  4899 | D:4      | Killed Blork the orc
  5235 | D:4      | Noticed Duvessa
  5245 | D:4      | Killed Duvessa
  5246 | D:4      | HP: 2/48 [Dowan/+1 dagger of pain (3)]
  5247 | D:4      | Killed Dowan
  5946 | D:5      | Reached XP level 8. HP: 47/54 MP: 8/8
  5994 | D:5      | Reached skill level 5 in Long Blades
  6854 | D:6      | Found a staircase to the Ecumenical Temple.
  6924 | D:6      | Slain by a sky beast

Illustrated notes

Levels and vault maps discovered:
D:1:      minmay_arrival_doors, layout_basic, minmay_worlds_worst_comb
D:2:      layout_basic, gammafunk_temple_overflow_wave,
          gammafunk_temple_overflow_claw, chequers_ecumenical_altar_grove,
          uniq_natasha, uniq_jessica, uniq_sigmund
D:3:      layout_rooms, corexii_leaking_fountain, xom_teletrap_fun
D:4:      kennysheep_slugbush, layout_basic, grunt_gozag_breadcrumbs,
          old_standard_altar, serial_shops, nicolae_shop_behind_doors,
          uniq_duvessa, uniq_blork_the_orc
D:5:      layout_basic
D:6:      layout_gridville, grunt_dithmenos_smoke, temple_fountains,
          serial_shops, shop, hangedman_decor_slide_cut

Skill      XL: |  1  2  3  4  5  6  7  8 |
---------------+-------------------------+-----
Stealth        | 2 3 4 |  4.8
Long Blades    | 3 4 5 |  5.3
Throwing       | 1 2 3 |  3.2
Unarmed Combat | 1 2 3 |  3.2
Fighting       | 4 |  4.5
Dodging        | 4 |  4.5
Shields        | 4 |  4.4

Action                   |  1- 3 |  4- 6 |  7- 9 || total
-------------------------+-------+-------+-------++-------
Melee: Long sword        |    23 |   114 |    80 ||   217
       Constrict         |     5 |    37 |    22 ||    64
       Tentacles         |     2 |    17 |    14 ||    33
       Unarmed           |       |     4 |       ||     4
       Punch             |       |     2 |     6 ||     8
Throw: Dart              |       |       |    29 ||    29
Evoke: Wand              |       |       |     7 ||     7
  Use: Potion            |       |     8 |     3 ||    11
       Scroll            |       |     3 |     5 ||     8
 Stab: Sleeping          |     3 |    26 |     5 ||    34
       Distracted        |       |       |     1 ||     1
Armor: Skin              |     4 |    10 |     3 ||    17
Dodge: Dodged            |     5 |    42 |    45 ||    92
Block: Kite shield       |     6 |    42 |    51 ||    99
       Rpst.: Long sword |     1 |    12 |    10 ||    23

Table legend: (Time is in decaauts)
 A = Elapsed time spent in this place.
 B = Non-inter-level travel time spent in this place.
 C = Inter-level travel time spent in this place.
 D = Time resting spent in this place.
 E = Time spent auto-exploring this place.
 F = Levels seen in this place.
 G = Mean time per level.
                   A        B        C        D        E       F      G
               +--------+--------+--------+--------+--------+-----+--------+
         Total |   6985 |   6800 |    185 |   1845 |   3932 |   6 | 1164.2 |
       Dungeon |   6985 |   6800 |    185 |   1845 |   3932 |   6 | 1164.2 |
               +--------+--------+--------+--------+--------+-----+--------+

Top non-repeatable levels by time:
     D:4: 2306 daAuts
     D:2: 1640 daAuts
     D:5: 1378 daAuts
     D:1: 931 daAuts
     D:3: 630 daAuts
     D:6: 98 daAuts
